 Dungeon Crawl Stone Soup version 0.29.1-15-g9cfb28693d (webtiles) character file.

Game seed: 15905336378875374865

368 manyhoops the Fighter (level 6, 0/54 HPs)
             Began as an Octopode Transmuter on Apr 11, 2023.
             Slain by an orc
             ... wielding a +0 trident
              (2 damage)
             ... on level 3 of the Dungeon.
             The game lasted 00:03:58 (3788 turns).

manyhoops the Fighter (Octopode Transmuter)         Turns: 3788, Time: 00:03:58

Health: 0/54       AC:  1    Str:  9 (12) XL:     6   Next: 69%
Magic:  9/9        EV: 13    Int: 12 (15) God:
Gold:   169        SH:  0    Dex: 10 (12) Spells: 6/9 levels left

rFire   . . .      SeeInvis .     - Unarmed
rCold   . . .      Faith    .   (no shield)
rNeg    . . .      Spirit   .   (helmet restricted)
rPois   .          Reflect  .   (no amulet)
rElec   .          Harm     .   (no ring)
rCorr   .          Rampage  .   (no ring)
Will    .....                   (no ring)
Stlth   ++........              (no ring)
HPRegen 0.18/turn               (no ring)
MPRegen 0.11/turn               (no ring)
                                (no ring)
                                (no ring)

@: flying
A: almost no armour, amphibious, 8 rings, camouflage 1, gelatinous body 1,
(nimble swimmer 1), tentacles
a: no special abilities


You were on level 3 of the Dungeon.
You visited 1 branch of the dungeon, and saw 3 of its levels.

You collected 169 gold pieces.

Inventory:

Scrolls
 a - a scroll of enchant armour {unknown}
 c - 2 scrolls of torment {unknown}
 e - a scroll of immolation {unknown}
 f - a scroll of enchant weapon {unknown}
 g - a scroll of noise {unknown}
 h - a scroll of blinking {unknown}
 i - a scroll of identify {unknown}
 j - a scroll of vulnerability {unknown}
 k - a scroll of magic mapping {unknown}
Potions
 d - a potion of flight


   Skills:
 * Level 10.1 Fighting
 - Level 2.0 Dodging
 + Level 8.9 Unarmed Combat
 - Level 2.0 Spellcasting
 - Level 2.0 Transmutations


You had 6 spell levels left.
You knew the following spells:

 Your Spells              Type           Power      Damage    Failure   Level
a - Beastly Appendage     Tmut           12%        N/A       12%         1
b - Wereblood             Tmut           6%         N/A       19%         2

Your spell library contained the following spells:

 Spells                   Type           Power      Damage    Failure   Level
 Poisonous Vapours        Pois/Air       2%         N/A       38%         2
 Spider Form              Tmut/Pois      3%         N/A       47%         3
 Ice Form                 Ice/Tmut       3%         N/A       87%         4
 Corpse Rot               Necr/Pois/Air  1%         N/A       95%         4


Dungeon Overview and Level Annotations

Branches:
Dungeon (3/15)

Altars:
Hepliaklqana
Okawaru

Annotations:
D:3 3 runed translucent doors, diceflayer's ghost, amateur DsHu


Innate Abilities, Weirdness & Mutations

You cannot wear most types of armour.
You are amphibious.
You can wear up to eight rings at the same time.
Your skin changes colour to match your surroundings (Stealth+).
Your rubbery body absorbs attacks. (AC +1, EV +1)
((You are camouflaged when in or above water. (Stealth+)))
You have tentacles for arms and can constrict up to eight enemies at once.


Message History

You closely miss the orc. Your grab misses the orc.
Your tentacle spike misses the orc.
Your squeeze misses the orc. The orc hits you with a +0 trident.
You tentacle-slap the orc but do no damage.
You grab the orc.
You constrict the orc, but do no damage.
The orc misses you.
You tentacle-slap the orc but do no damage.
You constrict the orc, but do no damage.
You tentacle-slap the orc but do no damage.
You pierce the orc, but do no damage.
You squeeze the orc.
The orc is moderately wounded.
You constrict the orc. The orc hits you with a +0 trident.
* * * LOW HITPOINT WARNING * * *
Okay, then.
You tentacle-slap the orc but do no damage.
You pierce the orc, but do no damage.
The orc is moderately wounded.
Your tentacle spike disappears.
You constrict the orc, but do no damage.
The orc hits you with a +0 trident.
* * * LOW HITPOINT WARNING * * *
It was a potion of flight.
You feel very buoyant.
You fly up into the air.
You constrict the orc. The orc hits you with a +0 trident.
* * * LOW HITPOINT WARNING * * *
It was a potion of degeneration.
There was something very wrong with that liquid.
You feel weakened.
You feel dopey.
You feel clumsy.
You constrict the orc, but do no damage.
The orc misses you.
It was a potion of experience.
You feel more experienced!
Your Fighting skill gained 8 levels and is now at level 10!
Your Unarmed Combat skill gained 3 levels and is now at level 8!
You have reached level 6!
You constrict the orc, but do no damage.
The orc hits you with a +0 trident.
You die...

#.....................##.........
......................####.###..#
.................).........# #.##
#.....................###..###.#
#...............#.##...........#
................#.##........####
#################.##....)...#
####o#######..##
##..@..........######
#..#########.........
#.###...........#####
#.##..8...8.....#
##.#.............##
#..#⌠.............#
#..#...........#..#
#..##..8...8...#..#
#..###.........#..#


You could see an orc.

Vanquished Creatures
  2 orc priests (D:3)
  An iguana (D:3)
  4 gnolls
  An adder (D:3)
  A dart slug (D:1)
  6 orcs (D:3)
  3 bats
  3 endoplasms
  A giant cockroach (D:2)
  6 hobgoblins
  3 jackals (D:2)
  6 kobolds
  A quokka (D:3)
  4 ball pythons
  A frilled lizard (D:1)
  4 goblins (D:2)
  4 rats
51 creatures vanquished.

Notes
Turn   | Place    | Note
-------+----------+-------------------------------------------
     0 | D:1      | manyhoops the Octopode Transmuter began the quest for the
                  | Orb.
     0 | D:1      | Reached XP level 1. HP: 13/13 MP: 3/3
   482 | D:1      | Reached XP level 2. HP: 18/18 MP: 3/5
  1353 | D:2      | Learned a level 2 spell: Wereblood
  1541 | D:2      | Reached XP level 3. HP: 24/24 MP: 4/6
  1808 | D:2      | Reached skill level 2 in Fighting
  2233 | D:2      | Reached XP level 4. HP: 29/29 MP: 5/7
  2267 | D:2      | Found a faded altar of an unknown god.
  2971 | D:3      | Found an iron altar of Okawaru.
  3131 | D:3      | Found a hazy altar of Hepliaklqana.
  3416 | D:3      | Reached skill level 5 in Unarmed Combat
  3416 | D:3      | Reached XP level 5. HP: 21/35 MP: 6/8
  3736 | D:3      | Found a runed translucent gate.
  3736 | D:3      | Found a runed translucent gate.
  3736 | D:3      | Found a runed translucent gate.
  3739 | D:3      | Noticed diceflayer's ghost (amateur DsHu)
  3786 | D:3      | HP: 1/35 [orc/+0 trident (1)]
  3788 | D:3      | Reached skill level 10 in Fighting
  3788 | D:3      | Reached XP level 6. HP: 2/54 MP: 9/9
  3788 | D:3      | Slain by an orc

Illustrated notes

Levels and vault maps discovered:
D:1:      zelgadis_glass_arrival_small, layout_basic, due_unseen_surprise
D:2:      layout_loops_ring, shapermc_ecumenical_altar_hornbeckon
D:3:      cheibrodos_pilgrimage, layout_basic, okawaru_altar_gauntlet_db,
          worldfamousw_hep_ancestral_shrine, biasface_ghost_orc_armoury

Skill      XL: |  1  2  3  4  5 |
---------------+----------------+-----
Unarmed Combat | 4 5 8 |  8.9
Fighting       | 2 10 | 10.1
Dodging        | |  2.0
Spellcasting   | |  2.0
Transmutations | |  2.0

Action                   |  1- 3 |  4- 6 || total
-------------------------+-------+-------++-------
Melee: Unarmed           |    58 |    61 ||   119
       Kick              |    22 |    17 ||    39
       Constrict         |    14 |    15 ||    29
       Tentacles         |     9 |     8 ||    17
       Punch             |     1 |     1 ||     2
 Cast: Beastly Appendage |    19 |    22 ||    41
       Wereblood         |     2 |     1 ||     3
  Use: Potion            |     1 |     3 ||     4
 Stab: Sleeping          |     4 |     1 ||     5
Armor: Skin              |     7 |     1 ||     8
Dodge: Dodged            |    25 |    31 ||    56
